AoeStats
← tjmsky

Arabia

506577934Analyzed
1v1 RM · 19d ago on Sep 14, 2026· 32m 34s· 2 players
Game mode
Random Map
Map size
Tiny (2 player)
Population
200
Speed
Normal
Resources
Standard
Victory
Conquest
Starting age
Dark Age
Ending age
Imperial Age
RankedLock teamsTeams togetherTeam positionsShared explorationLock speedFull tech treeHidden civsTurbo modeCheats
Victory
Defeat
🇦🇺 Bengalis · Australia
1014
+13
🇭🇰 Poles · Hong Kong SAR China
953
-39
tjmsky
6:46 Loom
13:28 Feudal Age
14:12 Double-Bit Axe
15:10 Man-at-Arms
21:12 Fletching
23:05 Padded Archer Armor
23:24 Scale Mail Armor
23:43 Forging
25:22 Horse Collar
25:34 Gold Mining
25:50 Stone Mining
27:32 Wheelbarrow
29:33 Castle Age
28:19 Scale Barding Armor
30:25 Bloodlines
29:39 Crossbowman
29:48 Pikeman
Swineherder
6:42 Loom
9:47 Feudal Age
10:28 Horse Collar
21:16 Castle Age
20:08 Fletching
21:10 Bloodlines
22:39 Husbandry
23:27 Bodkin Arrow
23:32 Padded Archer Armor
24:43 Wheelbarrow
32:19 Hand Cart
31:55 Double-Bit Axe
32:12 Heavy Plow
32:39 Ballistics
Connection lost

Rejoining the realm…

Still unreachable

The connection could not be restored.

Session expired

The server has moved on; the page needs a fresh start.